 Dungeon Crawl Stone Soup version 0.29-a0-520-gc852659d43 (webtiles) character file.

Game seed: 15130423995507578318

129 Pooter the Bolt Thrower (level 4, -2/39 HPs)
             Began as a Minotaur Hunter on June 1, 2022.
             Succumbed to a scorpion's poison
             ... on level 4 of the Dungeon.
             The game lasted 00:16:12 (3218 turns).

Pooter the Bolt Thrower (Minotaur Hunter)           Turns: 3218, Time: 00:16:13

Health: -2/39      AC: 12    Str: 17    XL:     4   Next: 88%
Magic:  3/3        EV:  7    Int:  6    God:
Gold:   227        SH:  0    Dex: 14    Spells: 3/3 levels left

rFire   . . .      SeeInvis .   a - +0 flail
rCold   + . .      Faith    .   (no shield)
rNeg    . . .      Spirit   .   g - +2 chain mail {rC+}
rPois   .          Reflect  .   (helmet restricted)
rElec   .          Harm     .   (no cloak)
rCorr   .          Rampage  .   j - +0 pair of gloves
Will    .....                   s - +0 pair of boots
Stlth   ..........              (no amulet)
HPRegen 0.13/turn               (no ring)
MPRegen 0.08/turn               (no ring)

@: mighty, lethally poisoned (-2 -> -14), flying
A: horns 2, retaliatory headbutt
a: no special abilities


You were on level 4 of the Dungeon.
You visited 2 branches of the dungeon, and saw 5 of its levels.

You collected 227 gold pieces.

Inventory:

Hand Weapons
 a - a +0 flail (weapon)
   (You took it off an orc on level 3 of the Dungeon)
 b - a +1 hand crossbow
 h - a +0 mace
   (You found it on level 1 of the Dungeon)
 n - a +0 hand axe
   (You found it on level 1 of the Dungeon)
Missiles
 u - 5 poisoned darts
 Q - 156 stones (quivered)
Armour
 g - a +2 chain mail of cold resistance (worn)
   (You found it on level 3 of the Dungeon)
 j - a +0 pair of gloves (worn)
   (You found it on level 2 of the Dungeon)
 q - a +0 plate armour
   (You found it on level 3 of the Dungeon)
 s - a +0 pair of boots (worn)
   (You found it on level 4 of the Dungeon)
Scrolls
 c - 2 scrolls of immolation {!r}
 e - a scroll of fear
 i - 5 scrolls of identify {@r1}
 p - a scroll of blinking
 t - 2 scrolls of teleportation {@r4}
Potions
 d - a potion of attraction {!q}
 f - a potion of heal wounds {unknown}
 k - a potion of lignification {unknown}
 o - 2 potions of mutation {!q}
 r - a potion of ambrosia {unknown}


   Skills:
 + Level 3.6 Fighting
 * Level 5.8 Crossbows
 - Level 2.1 Dodging
 + Level 2.1 Stealth


You had 3 spell levels left.
You didn't know any spells.
Your spell library contained the following spells:

 Spells                   Type           Power      Damage    Failure   Level
 Beastly Appendage        Tmut           0%         N/A       100%        1
 Sting                    Tmut/Pois      0%         1d3       100%        1
 Poisonous Vapours        Pois/Air       0%         N/A       100%        2
 Wereblood                Tmut           0%         N/A       100%        2
 Spider Form              Tmut/Pois      0%         N/A       100%        3
 Stone Arrow              Conj/Erth      0%         3d7       100%        3
 Animate Armour           Summ/Erth      0%         N/A       100%        4
 Olgreb's Toxic Radiance  Pois           0%         N/A       100%        4
 Lehudib's Crystal Spear  Conj/Erth      0%         10d2      100%        8


Dungeon Overview and Level Annotations

Branches:
Dungeon (4/15)             Temple (1/1) D:4

Altars:
Cheibriados
Elyvilon
Fedhas
Hepliaklqana
Kikubaaqudgha
Nemelex Xobeh
Qazlal
Sif Muna
Trog
Vehumet
Xom
Zin


Innate Abilities, Weirdness & Mutations

You have a pair of horns on your head.
You reflexively headbutt those who attack you in melee.


Message History

The scorpion stings you but does no damage.
You barely miss the scorpion.
The scorpion stings you but does no damage.
The scorpion stings you.
You hit the scorpion. The scorpion barely misses you.
The scorpion stings you but does no damage.
You closely miss the scorpion. You punch the scorpion.
The scorpion stings you but does no damage. x2
You barely miss the scorpion. Your headbutt misses the scorpion.
The scorpion stings you.
You are poisoned.
The scorpion poisons you!
You hit the scorpion but do no damage. Your headbutt misses the scorpion.
You feel very sick. The scorpion stings you.
You are lethally poisoned!
The scorpion poisons you!
The scorpion stings you but does no damage.
You barely miss the scorpion.
* * * LOW HITPOINT WARNING * * *
You feel extremely sick.
The scorpion stings you but does no damage. x2
You barely miss the scorpion.
* * * LOW HITPOINT WARNING * * *
You feel very sick.
The scorpion stings you but does no damage.
You closely miss the scorpion.
You headbutt the scorpion, but do no damage.
* * * LOW HITPOINT WARNING * * *
You feel very sick. The scorpion closely misses you. You furiously retaliate!
You headbutt the scorpion. The scorpion stings you.
* * * LOW HITPOINT WARNING * * *
You closely miss the scorpion.
* * * LOW HITPOINT WARNING * * *
You feel very sick. The scorpion stings you.
* * * LOW HITPOINT WARNING * * *
You are more poisoned.
The scorpion poisons you! The scorpion barely misses you.
It was a potion of flight.
You feel very buoyant.
You fly up into the air.
* * * LOW HITPOINT WARNING * * *
You feel very sick. The scorpion closely misses you. You furiously retaliate!
You headbutt the scorpion, but do no damage.
It was a potion of might.
You feel very mighty all of a sudden.
You die...

.#######################
......s@.............>..
.####################.##
.......... #######.##
##.## ##.... #..##.
#.#..# #.#...


You could see a scorpion.

Vanquished Creatures
  2 adders (D:3)
  3 worms (D:2)
  4 dart slugs
  3 orcs (D:3)
  7 ball pythons
  4 endoplasms
  5 giant cockroaches
  11 goblins
  5 hobgoblins
  10 kobolds
  4 quokkas
  14 bats
  5 frilled lizards
  9 rats
86 creatures vanquished.

Notes
Turn   | Place    | Note
-------+----------+-------------------------------------------
     0 | D:1      | Pooter the Minotaur Hunter began the quest for the Orb.
     0 | D:1      | Reached XP level 1. HP: 18/18 MP: 0/0
    82 | D:1      | Reached skill level 1 in Stealth
   122 | D:1      | Reached XP level 2. HP: 25/25 MP: 1/1
   399 | D:1      | Reached skill level 5 in Crossbows
   403 | D:1      | Reached XP level 3. HP: 30/31 MP: 2/2
   604 | D:2      | Found a glowing silver altar of Zin.
   769 | D:2      | Found a stormy altar of Qazlal.
  1451 | D:2      | Reached XP level 4. HP: 38/38 MP: 3/3
  2846 | D:4      | Found a staircase to the Ecumenical Temple.
  2865 | Temple   | Entered the Ecumenical Temple
  3199 | D:4      | Noticed a scorpion
  3217 | D:4      | HP: 1/39 [poisoned by a scorpion]
  3218 | D:4      | Succumbed to a scorpion's poison

Illustrated notes

Levels and vault maps discovered:
D:1:      giann_bridges, layout_rooms, minivault_19, minmay_box_of_dots
D:2:      layout_basic, basic_altar, ebering_dispersal_statue_hall,
          kennysheep_flooded_box, feat_on_display
D:3:      minmay_octagon_keep, layout_loops_corners, dreamdust_wishing_well
D:4:      layout_basic, minmay_temple_entry_mini_moons, uniq_sigmund
Temple:   compressed_dpeg_circular_temple

Skill      XL: |  1  2  3  4 |
---------------+-------------+-----
Stealth        | 1 2 |  2.1
Fighting       | 3 |  3.6
Crossbows      | 5 |  5.8
Dodging        | |  2.1

Action                   |  1- 3 |  4- 6 || total
-------------------------+-------+-------++-------
Melee: Dagger            |     5 |       ||     5
       Hand axe          |    13 |     4 ||    17
       Headbutt          |     1 |     5 ||     6
       Flail             |       |    43 ||    43
       Punch             |       |     1 ||     1
 Fire: Hand crossbow     |   111 |    71 ||   182
Throw: Stone             |       |     1 ||     1
  Use: Scroll            |     2 |     3 ||     5
       Potion            |       |     2 ||     2
Armor: Scale mail        |    40 |    16 ||    56
       Leather armour    |     1 |       ||     1
       Plate armour      |       |    26 ||    26
       Chain mail        |       |    19 ||    19
Dodge: Dodged            |    29 |    39 ||    68

Table legend: (Time is in decaauts)
 A = Elapsed time spent in this place.
 B = Non-inter-level travel time spent in this place.
 C = Inter-level travel time spent in this place.
 D = Time resting spent in this place.
 E = Time spent auto-exploring this place.
 F = Levels seen in this place.
 G = Mean time per level.
                   A        B        C        D        E       F      G
               +--------+--------+--------+--------+--------+-----+--------+
         Total |   3315 |   3232 |     83 |     13 |   2492 |   5 |  663.0 |
       Dungeon |   3227 |   3153 |     74 |     13 |   2424 |   4 |  806.8 |
        Temple |     87 |     78 |      9 |      0 |     68 |   1 |   87.0 |
               +--------+--------+--------+--------+--------+-----+--------+

Top non-repeatable levels by time:
     D:3: 1141 daAuts
     D:2: 1140 daAuts
     D:1: 586 daAuts
     D:4: 359 daAuts
  Temple: 87 daAuts
